 Dungeon Crawl Stone Soup version 0.27-a0-1202-ge72e49191c (webtiles) character file.

Game seed: 17337210333559670564

58 polve the Cutter (level 3, 0/29 HPs)
             Began as a Demonspawn Abyssal Knight on June 4, 2021.
             Was a Follower of Lugonu.
             Succumbed to an adder's poison
             ... on level 2 of the Dungeon.
             The game lasted 00:02:03 (1968 turns).

polve the Cutter (Demonspawn Abyssal Knight)        Turns: 1968, Time: 00:02:03

Health: 0/29       AC:  3    Str: 13    XL:     3   Next: 76%
Magic:  4/4        EV: 11    Int: 13    God:    Lugonu [*.....]
Gold:   58         SH:  0    Dex: 12    Spells: 2/2 levels left

rFire    . . .     SeeInvis .   a - +1 short sword
rCold    . . .     Faith    .   (no shield)
rNeg     . . .     Spirit   .   b - +0 leather armour
rPois    .         Reflect  .   (no helmet)
rElec    .         Harm     .   (no cloak)
rCorr    .         Rampage  .   (no gloves)
Will     .....                  (no boots)
Stlth    +.........             (no amulet)
HPRegen  0.09/turn              (no ring)
MPRegen  0.09/turn              (no ring)

@: brilliant, lethally poisoned (0 -> -6), hasted, very quick
A: powered by death 1
a: Renounce Religion, Depart the Abyss


You were on level 2 of the Dungeon.
You worshipped Lugonu.
Lugonu was aware of your devotion.
You visited 1 branch of the dungeon, and saw 2 of its levels.
You visited the Abyss 1 time.

You collected 58 gold pieces.

Inventory:

Hand Weapons
 a - a +1 short sword (weapon)
Armour
 b - a +0 leather armour (worn)
 e - a +0 pair of gloves
Jewellery
 g - an amulet of the acrobat
Scrolls
 d - a scroll of enchant weapon {unknown}
 i - a scroll of enchant armour {unknown}
 j - a scroll of vulnerability {unknown}
 k - a scroll of teleportation {unknown}
 l - a scroll of acquirement {unknown}
Potions
 c - a potion of haste
 f - a potion of brilliance
 h - a potion of curing {unknown}


   Skills:
 - Level 3.0 Fighting
 + Level 3.8 Short Blades
 - Level 1.7 Armour
 - Level 0.8 Dodging
 - Level 2.4 Invocations


You had 2 spell levels left.
You didn't know any spells.
Your spell library was empty.

Dungeon Overview and Level Annotations

Branches:
Dungeon (2/15)

Altars:
Ru


Innate Abilities, Weirdness & Mutations

You regenerate a little health from kills.


Message History

You hit the adder.
The adder is severely wounded.
You feel sick. The adder bites you but does no damage.
You barely miss the adder.
The adder is severely wounded.
You feel sick. The adder bites you but does no damage.
You hit the adder.
The adder is severely wounded.
You feel sick. The adder misses you. The adder bites you.
You are more poisoned.
The adder poisons you!
You closely miss the adder.
The adder is severely wounded.
You feel sick. The adder misses you.
You barely miss the adder.
The adder is severely wounded.
You feel sick. The adder barely misses you.
You hit the adder.
The adder is almost dead.
You feel sick. The adder barely misses you.
You closely miss the adder.
The adder is almost dead.
You feel sick. The adder bites you but does no damage.
You closely miss the adder.
The adder is almost dead.
You feel sick. The adder bites you.
* * * LOW HITPOINT WARNING * * *
You are lethally poisoned!
The adder poisons you! The adder barely misses you.
You hit the adder.
You kill the adder!
Lugonu accepts your kill.
* * * LOW HITPOINT WARNING * * *
You feel sick.
It was a potion of haste.
You feel yourself speed up.
* * * LOW HITPOINT WARNING * * *
You feel sick.
It was a potion of brilliance.
You feel clever all of a sudden.
You die...

#.#.#.##.###..####
#####.#.#.##...#..#
......#.#.####.#..#
#.......#.##......#
#.####)......#..#.#
)..#.........#^.#.#
)..#...........<#.#
...#...........##.#
#...............@†#
........................
.............#.#########
######.#.....#...
#.#.....#.## #.#........
####. ... ...


There were no monsters in sight!

Vanquished Creatures
  An adder (D:2)
  An ufetubus (Abyss:1)
  2 dart slugs
  5 orcs (D:2)
  3 endoplasms (D:1)
  2 giant cockroaches (D:1)
  2 goblins
  3 hobgoblins
  4 kobolds
  A quokka (D:1)
  2 ball pythons (D:2)
  3 frilled lizards
  7 rats (D:1)
36 creatures vanquished.

Notes
Turn   | Place    | Note
-------+----------+-------------------------------------------
     0 | Abyss:1  | polve the Demonspawn Abyssal Knight began the quest for the
                  | Orb.
     0 | Abyss:1  | Reached XP level 1. HP: 18/18 MP: 2/2
   224 | Abyss:1  | Noticed a freezing wraith
   228 | Abyss:1  | Noticed a fire dragon zombie
   248 | Abyss:1  | Noticed a starcursed mass
   250 | D:1      | Escaped the Abyss
   275 | D:1      | Gained mutation: You regenerate a little health from kills.
                  | [demonic ancestry]
   275 | D:1      | Reached XP level 2. HP: 16/24 MP: 3/3
   462 | D:1      | Reached * piety under Lugonu
   720 | D:1      | Found a faded altar of an unknown god.
  1622 | D:2      | Found a sacrificial altar of Ru.
  1626 | D:2      | Reached XP level 3. HP: 27/29 MP: 4/4
  1967 | D:2      | HP: 1/29 [poisoned by an adder]
  1968 | D:2      | Succumbed to an adder's poison

Illustrated notes

Levels and vault maps discovered:
D:1:      amcnicky_arrival_double_pillar, layout_basic, basic_ecumenical_altar,
          minmay_small_reverse_x
D:2:      layout_basic, basic_altar, uniq_crazy_yiuf_cottage, uniq_sigmund

Skill      XL: |  1  2 |
---------------+-------+-----
Short Blades   | 2 3 |  3.8
Fighting       | |  3.0
Armour         | |  1.7
Dodging        | |  0.8
Invocations    | |  2.4

Action                   || total
-------------------------++-------
Melee: Short sword       ||   141
Invok: Depart the Abyss  ||     1
  Use: Potion            ||     2
Armor: Leather armour    ||    25
Dodge: Dodged            ||    66

Table legend: (Time is in decaauts)
 A = Elapsed time spent in this place.
 B = Non-inter-level travel time spent in this place.
 C = Inter-level travel time spent in this place.
 D = Time resting spent in this place.
 E = Time spent auto-exploring this place.
 F = Levels seen in this place.
 G = Mean time per level.
                   A        B        C        D        E       F      G
               +--------+--------+--------+--------+--------+-----+--------+
         Total |   1960 |   1939 |     21 |      0 |   1660 |   3 |  653.3 |
       Dungeon |   1710 |   1689 |     21 |      0 |   1448 |   2 |  855.0 |
         Abyss |    250 |    250 |      0 |      0 |    212 |   1 |  250.0 |
               +--------+--------+--------+--------+--------+-----+--------+

Top non-repeatable levels by time:
     D:1: 1363 daAuts
     D:2: 347 daAuts
 Abyss:1: 250 daAuts
